 Dungeon Sprint DCSS version 0.20-a0-1078-g4874019 (webtiles) character file.

3590 Nobokod the Unseen (level 9, -9/72 HPs)
             Began as a Demonspawn Assassin on Apr 30, 2017.
             Was an Elder of Makhleb.
             Mangled by a black mamba (11 damage)
             ... in the Dungeon (Sprint IX: "|||||||||||||||||||||||||||||").
             The game lasted 00:02:15 (730 turns).

Nobokod the Unseen (Demonspawn Assassin)             Turns: 730, Time: 00:02:16

Health: -9/72      AC: 11    Str: 12    XL:     9   Next: 85%
Magic:  9/9        EV: 19    Int: 12    God:    Makhleb [****..]
Gold:   0          SH:  0    Dex: 23    Spells: 8/8 levels left

rFire    . . .     SeeInvis .   i - +2 rapier (speed)
rCold    . . .     Gourm    .   (no shield)
rNeg     . . .     Faith    .   a - +1 scale mail
rPois    .         Spirit   .   (no helmet)
rElec    .         Reflect  .   s - +0 cloak
rCorr    .         Harm     .   r - +0 pair of gloves
MR       .....     NoTele   +   (no boots)
Stlth    +++++++...             (no amulet)
Regen    0.3/turn               t - +2 ring of evasion
MPRegen  0.2/turn               u - +2 ring of protection

@: agile, lethally poisoned (-9 -> -22)
A: talons 1, nightstalker 1, powered by death 2, sturdy frame 1
a: Minor Destruction, Lesser Servant of Makhleb, Major Destruction, Renounce
Religion


You were in the Dungeon.
You worshipped Makhleb.
Makhleb was greatly pleased with you.
You were not hungry.

You visited 1 branch

Inventory:

Hand Weapons
 b - a +0 blowgun
 i - a +2 rapier of speed (weapon)
Missiles
 e - 8 poisoned needles
 f - 2 curare-tipped needles
Armour
 a - a +1 scale mail (worn)
 c - a +0 robe
 r - a +0 pair of gloves (worn)
 s - a +0 cloak (worn)
Jewellery
 t - a +2 ring of evasion (left hand)
 u - a +2 ring of protection (right hand)
Wands
 q - a wand of lightning (0/15)
Scrolls
 m - 2 scrolls of blinking
 o - 6 scrolls of remove curse
 p - 2 scrolls of amnesia
 v - a scroll of identify
 w - a scroll of recharging
Potions
 h - 5 potions of curing
 j - 2 potions of haste
 k - 4 potions of magic
 l - a potion of mutation
 n - 5 potions of heal wounds
Comestibles
 g - 2 bread rations


   Skills:
 + Level 7.2 Fighting
 * Level 12.7 Short Blades
 - Level 1.7 Throwing
 + Level 0.6 Armour
 + Level 4.5 Dodging
 * Level 15.7 Stealth


You had 8 spell levels left.
You didn't know any spells.

Dungeon Overview and Level Annotations

Branches:
Dungeon (1/1)

Altars:
Cheibriados
Dithmenos
Elyvilon
Fedhas
Gozag
Hepliaklqana
Kikubaaqudgha
Makhleb
Nemelex Xobeh
Okawaru
Qazlal
Ru
Sif Muna
Trog
Uskayaw
Vehumet
Wu Jian
Xom
Yredelemnul
Zin
The Shining One
Beogh
Jiyva
Lugonu


Innate Abilities, Weirdness & Mutations

You have sharp toenails.
You are slightly more attuned to the shadows.
You regenerate health from kills.
Your movements are slightly less encumbered by armour. (ER -2)


Message History

Things that are here:
a spiny frog corpse; a komodo dragon corpse Unknown command.
You puncture the black mamba!
The black mamba is moderately wounded.
The black mamba barely misses you.
You feel agile all of a sudden. The black mamba closely misses you.
The black mamba bites you!
* * * LOW HITPOINT WARNING * * *
You are lethally poisoned!
The black mamba poisons you!
You closely miss the black mamba.
The black mamba is moderately wounded.
* * * LOW HITPOINT WARNING * * *
You feel sick.
You closely miss the black mamba. Your kick misses the black mamba.
The black mamba is moderately wounded.
* * * LOW HITPOINT WARNING * * *
You feel sick. The black mamba bites you!
You die...

▓_▓.▓
▓_▓.▓
▓_▓.▓r▓
▓_▓.▓F▓
▓_▓.▓F▓
▓_▓.▓t▓
▓_▓.▓S▓
▓_▓.▓S▓
▓_▓.▓@▓
▓_▓.▓'▓
▓_▓.▓.▓
▓§▓.▓.▓
▓_▓.▓.▓
▓_▓.▓.▓
▓'▓.▓.▓
▓.▓.▓(▓
▓)▓.▓}▓


You could see a black mamba, a water moccasin, a crocodile, 2 bullfrogs and a
porcupine.

Vanquished Creatures
  A centaur warrior (D)
  A skeletal warrior (D)
  An unseen horror (D)
  A manticore (D)
  A spiny frog (D)
  A komodo dragon (D)
  A troll (D)
  2 ogres (D)
  2 crimson imps (D)
  A hound (D)
  An orc wizard (D)
  A worker ant (D)
  A shadow imp (D)
  An ooze (D)
  A leopard gecko (D)
  An orc (D)
  A hobgoblin (D)
  A kobold (D)
  2 frilled lizards (D)
22 creatures vanquished.

Vanquished Creatures (others)
  A centaur warrior (D)
  A spatial maelstrom (D)
  An unseen horror (D)
3 creatures vanquished.

Grand Total: 25 creatures vanquished

Notes
Turn   | Place    | Note
-------+----------+-------------------------------------------
     0 | D        | Nobokod the Demonspawn Assassin began the quest for the Orb.
     0 | D        | Reached XP level 1. HP: 16/16 MP: 1/1
    21 | D        | Gained mutation: You have sharp toenails. [demonic ancestry]
    21 | D        | Reached XP level 2. HP: 4/22 MP: 2/2
    24 | D        | Banished a spatial maelstrom
   283 | D        | Noticed an ogre
   283 | D        | Noticed a crimson imp
   291 | D        | Reached skill level 5 in Short Blades
   291 | D        | Reached XP level 3. HP: 27/27 MP: 3/3
   295 | D        | Killed an ogre
   295 | D        | Gained mutation: You are slightly more attuned to the shadows. [demonic ancestry]
   295 | D        | Reached XP level 4. HP: 33/33 MP: 4/4
   322 | D        | Found a roughly hewn altar of Beogh.
   322 | D        | Found a snail-covered altar of Cheibriados.
   322 | D        | Found a shadowy altar of Dithmenos.
   322 | D        | Found a white marble altar of Elyvilon.
   322 | D        | Found a blossoming altar of Fedhas.
   331 | D        | Found an opulent altar of Gozag.
   332 | D        | Found a hazy altar of Hepliaklqana.
   333 | D        | Found a viscous altar of Jiyva.
   334 | D        | Found an ancient bone altar of Kikubaaqudgha.
   337 | D        | Found a corrupted altar of Lugonu.
   338 | D        | Found a burning altar of Makhleb.
   339 | D        | Found a sparkling altar of Nemelex Xobeh.
   340 | D        | Found an iron altar of Okawaru.
   341 | D        | Found a stormy altar of Qazlal.
   342 | D        | Found a sacrificial altar of Ru.
   343 | D        | Found a deep blue altar of Sif Muna.
   344 | D        | Found a bloodstained altar of Trog.
   345 | D        | Became a worshipper of Makhleb the Destroyer
   346 | D        | Found a hide-covered altar of Uskayaw.
   347 | D        | Found a radiant altar of Vehumet.
   348 | D        | Found an ornate altar of the Wu Jian Council.
   349 | D        | Found a shimmering altar of Xom.
   350 | D        | Found a basalt altar of Yredelemnul.
   351 | D        | Found a glowing silver altar of Zin.
   352 | D        | Found a glowing golden altar of the Shining One.
   381 | D        | Reached XP level 5. HP: 34/38 MP: 5/5
   424 | D        | Noticed an ogre
   424 | D        | Noticed a troll
   428 | D        | Reached skill level 1 in Dodging
   428 | D        | Reached skill level 4 in Stealth
   429 | D        | Reached * piety under Makhleb
   429 | D        | Reached skill level 5 in Stealth
   429 | D        | Killed an ogre
   429 | D        | Reached skill level 7 in Stealth
   429 | D        | Reached XP level 6. HP: 44/46 MP: 6/6
   435 | D        | Killed an unseen horror
   435 | D        | Reached ** piety under Makhleb
   435 | D        | Reached skill level 10 in Short Blades
   435 | D        | Reached skill level 11 in Stealth
   435 | D        | Gained mutation: You regenerate a little health from kills. [demonic ancestry]
   435 | D        | Reached XP level 7. HP: 48/55 MP: 7/7
   439 | D        | Killed a troll
   439 | D        | Reached skill level 12 in Stealth
   478 | D        | Noticed a centaur warrior
   478 | D        | Noticed a manticore
   478 | D        | Noticed a centaur warrior
   479 | D        | Noticed a skeletal warrior
   485 | D        | Killed an unseen horror
   485 | D        | Reached skill level 5 in Fighting
   485 | D        | Gained mutation: You regenerate health from kills. [demonic ancestry]
   485 | D        | Reached XP level 8. HP: 29/62 MP: 8/8
   489 | D        | Killed a centaur warrior
   489 | D        | Reached skill level 13 in Stealth
   498 | D        | Killed a manticore
   500 | D        | Killed a centaur warrior
   500 | D        | Reached *** piety under Makhleb
   500 | D        | Reached skill level 14 in Stealth
   500 | D        | Gained mutation: Your movements are slightly less encumbered by armour. (ER -2) [demonic ancestry]
   500 | D        | Reached XP level 9. HP: 36/71 MP: 9/9
   503 | D        | Killed a skeletal warrior
   503 | D        | Reached skill level 15 in Stealth
   705 | D        | Noticed a black mamba
   705 | D        | Noticed a spiny frog
   705 | D        | Noticed a komodo dragon
   707 | D        | Killed a komodo dragon
   725 | D        | Killed a spiny frog
   725 | D        | Reached **** piety under Makhleb
   729 | D        | HP: 3/72 [poisoned by a black mamba]
   730 | D        | Mangled by a black mamba

Vault maps used:
D:        linesprint

Skill      XL: |  1  2  3  4  5  6  7  8  9 |
---------------+----------------------------+-----
Short Blades   | 4 5 8 9 10 12 | 12.7
Dodging        | 1 2 3 4 |  4.5
Stealth        | 7 11 12 14 15 | 15.7
Fighting       | 4 5 6 7 |  7.2
Throwing       | |  1.7
Armour         | |  0.6

Action                   |  1- 3 |  4- 6 |  7- 9 || total
-------------------------+-------+-------+-------++-------
Melee: Dagger            |    26 |    27 |       ||    53
       Kick              |     2 |    10 |    16 ||    28
       Rapier            |       |    16 |    47 ||    63
Evoke: Wand              |       |     5 |     2 ||     7
  Use: Potion            |     1 |     1 |     3 ||     5
 Stab: Invisible         |       |       |     4 ||     4
       Sleeping          |       |       |     1 ||     1
Armor: Robe              |     1 |     5 |     2 ||     8
Dodge: Dodged            |    10 |    15 |    18 ||    43
